Map: Eternal Empire LE

Players

Exla

  • Race: Protoss Protoss
  • Spawn Location: 7:00

ViBE - Winner!

  • Race: Protoss Protoss
  • League: Platinum
  • Spawn Location: 1:00

VOD

Have the link to the VOD?

Description

Time

  • Played on: Dec. 10, 2019, 8:04 p.m.
  • Length: 19:45
Show
View Real Time Build Order
Export as new Build Order

Exla Protoss 

Build Orders: Oracle Opening, Phoenix Opening, Zealot Archon 

Get SALT Encoding   

  12  0:01  Probe  
  13  0:13  Probe  
  14  0:18  Pylon  
  14  0:25  Probe  
  15  0:38  Gateway  
  15  0:40  Probe  
  16  0:48  Assimilator  
  16  0:52  Probe  
  16  0:54  Assimilator  
  17  1:04  Probe  
  18  1:12  Gateway  
  18  1:16  Probe  
  19  1:24  Cybernetics Core  
  19  1:28  Probe  
  20  1:36  Pylon  
  20  1:41  Probe  
  21  1:53  Probe  
  22  1:59  Adept x2 (Chrono Boost)  
  22  2:05  Probe  
  27  2:10  Stargate  
  27  2:15  Warp Gate (Chrono Boost)  
  27  2:17  Probe  
  28  2:31  Stalker  
  28  2:34  Pylon  
  28  2:35  Probe  
  31  2:52  Probe  
  32  3:08  Oracle  
  35  3:17  Nexus  
  35  3:29  Stalker (Chrono Boost)  
  37  3:39  Stalker (Chrono Boost)  
  35  3:53  Gateway  
  35  3:55  Gateway  
  35  3:56  Phoenix  
  35  4:01  Probe  
  38  4:07  Pylon  
  38  4:13  Probe  
  39  4:29  Phoenix  
  41  4:32  Probe x2  
  41  4:33  Stalker  
  41  4:38  Stalker  
  47  4:44  Probe (Chrono Boost)  
  48  4:47  Probe (Chrono Boost)  
  48  4:51  Stalker  
  51  4:55  Probe (Chrono Boost)  
  51  4:57  Stalker  
  54  5:01  Probe (Chrono Boost)  
  54  5:02  Stalker  
  54  5:04  Probe  
  58  5:13  Probe  
  58  5:14  Twilight Council  
  59  5:16  Probe  
  60  5:25  Probe  
  61  5:28  Probe  
  61  5:32  Pylon  
  61  5:33  Pylon  
  60  5:59  Stalker x4  
  68  6:09  Charge (Chrono Boost)  
  68  6:22  Templar Archives  
  68  6:23  Assimilator  
  68  6:24  Assimilator  
  68  6:32  Zealot x2, Stalker  
  72  6:33  Zealot  
  72  6:39  Nexus  
  76  6:42  Gateway x2  
  76  6:53  Zealot  
  78  6:59  Pylon  
  78  7:11  Pylon  
  78  7:13  Pylon  
  77  7:17  Pylon  
  77  7:18  Probe x2  
  79  7:27  Forge  
  79  7:29  High Templar  
  81  7:30  High Templar x2  
  81  7:31  Zealot  
  81  7:34  Archon  
  81  7:36  Probe  
  81  7:37  Probe  
  89  7:38  Assimilator  
  89  7:40  High Templar, Assimilator  
  89  7:41  Zealot  
  93  7:45  Archon  
  93  7:49  Probe  
  94  8:06  High Templar  
  94  8:07  High Templar  
  94  8:09  Zealot x3  
  94  8:11  Archon  
  94  8:12  Protoss Ground Armor Level 1 (Chrono Boost)  
  104  8:13  Probe x2 (Chrono Boost)  
  104  8:14  Probe (Chrono Boost)  
  107  8:24  Probe (Chrono Boost)  
  107  8:25  Probe x2 (Chrono Boost)  
  107  8:26  Forge  
  110  8:27  Gateway  
  110  8:29  Probe (Chrono Boost)  
  110  8:33  High Templar  
  113  8:35  High Templar  
  113  8:37  Zealot x2  
  113  8:39  Archon  
  119  8:51  Zealot x2  
  119  8:53  Protoss Ground Weapons Level 1 (Chrono Boost)  
  123  8:57  Gateway  
  123  9:09  High Templar  
  125  9:15  Pylon  
  125  9:16  Pylon  
  125  9:18  Pylon  
  125  9:32  Nexus  
  125  9:33  High Templar  
  125  9:34  Pylon x3  
  125  9:35  High Templar  
  125  9:36  Pylon, High Templar  
  131  9:38  High Templar  
  131  9:40  High Templar, Archon x2  
  131  9:43  Archon  
  135  9:48  Psionic Storm  
  135  10:05  Zealot x3  
  135  10:06  Zealot  
  140  10:08  Zealot x2  
  144  10:14  Gateway  
  144  10:18  Gateway  
  144  10:20  Zealot  
  146  10:29  Robotics Facility  
  146  10:31  Robotics Facility  
  146  10:38  Probe x2 (Chrono Boost)  
  146  10:39  Probe (Chrono Boost)  
  149  10:46  High Templar x2  
  149  10:47  High Templar x2  
  149  10:48  Probe (Chrono Boost), High Templar  
  160  10:50  Archon  
  160  10:51  Archon  
  120  11:27  Immortal x2 (Chrono Boost)  
  120  11:31  High Templar x3  
  104  11:46  Archon  
  94  11:48  Archon  
  94  11:50  Zealot x4  
  94  11:51  Zealot x3  
  100  11:59  Immortal x2 (Chrono Boost)  
  104  12:04  High Templar x2  
  104  12:05  Zealot  
  104  12:07  Protoss Ground Armor Level 2 (Chrono Boost)  
  104  12:08  Archon  
  110  12:16  Zealot x3  
  110  12:17  Zealot x4  
  110  12:22  Probe x2  
  126  12:23  Probe  
  126  12:24  Probe  
  128  12:33  Immortal (Chrono Boost)  
  128  12:34  Probe x2  
  128  12:35  High Templar  
  128  12:36  High Templar  
  138  12:40  Archon  
  138  12:46  Immortal (Chrono Boost)  
  142  12:55  Robotics Bay  
  142  13:02  Assimilator  
  142  13:05  Probe, Assimilator  
  142  13:06  Probe x3  
  146  13:13  Pylon  
  140  13:27  Pylon  
  140  13:28  Protoss Ground Weapons Level 2 (Chrono Boost)  
  140  13:38  Disruptor (Chrono Boost)  
  140  13:39  Disruptor (Chrono Boost)  
  146  14:02  Stalker x3  
  150  14:03  Stalker  
  150  14:04  Disruptor x2 (Chrono Boost)  
  125  14:49  Zealot x6  
  125  14:50  Zealot x4  
  89  15:12  Nexus, Disruptor x2  
  94  15:16  Zealot x4  
  94  15:17  Zealot x4  
  108  15:27  Stalker x2  
  112  15:35  Nexus  
  112  15:40  Stalker x5  
  112  15:41  Stalker  
  124  15:49  Probe x3  
  127  15:53  High Templar  
  127  15:54  High Templar x3, Nexus  
  135  15:59  Warp Prism  
  135  16:00  Archon x2  
  135  16:01  Probe  
  100  16:32  Zealot x4  
  83  16:33  Zealot x6  
  95  16:55  High Templar x2  
  95  16:56  High Templar x4  
  95  16:57  Zealot x4  
  113  17:19  Probe x5  
  113  17:20  Archon x2  
  113  17:21  Archon  
  110  17:24  High Templar x2  
  110  17:25  Stalker x2  
  110  17:28  Zealot x3  
  110  17:29  Zealot x2  
  120  17:31  Probe x2  
  116  17:42  Stalker  
  118  17:44  Archon  
  118  17:48  Probe x3  
  118  17:49  Probe x2  
  123  17:51  Assimilator  
  123  17:52  Assimilator  
  123  17:55  Stargate  
  123  18:00  Probe x2, Assimilator  
  123  18:01  Assimilator  
  125  18:12  Fleet Beacon  
  124  18:17  Zealot  
  124  18:18  Zealot x3  
  110  18:36  Zealot x3  
  110  18:37  Zealot x3  
  96  18:45  Zealot x3  
Show
View Real Time Build Order
Export as new Build Order

ViBE Protoss - Winner!

Build Orders: Archon Immortal 

Get SALT Encoding   

  12  0:00  Probe  
  13  0:13  Probe  
  14  0:19  Pylon  
  14  0:26  Probe  
  15  0:38  Probe (Chrono Boost)  
  15  0:41  Gateway  
  16  0:45  Assimilator  
  17  0:50  Probe (Chrono Boost)  
  17  0:55  Probe (Chrono Boost)  
  18  1:04  Probe  
  19  1:12  Gateway  
  19  1:16  Probe (Chrono Boost)  
  20  1:19  Assimilator  
  20  1:28  Probe (Chrono Boost)  
  20  1:29  Cybernetics Core  
  21  1:35  Probe (Chrono Boost)  
  22  1:46  Probe  
  23  2:16  Warp Gate  
  23  2:18  Pylon  
  23  2:25  Nexus  
  23  2:36  Probe (Chrono Boost), Stalker  
  23  2:37  Pylon, Sentry  
  28  2:48  Probe (Chrono Boost)  
  29  2:55  Probe (Chrono Boost)  
  30  3:00  Pylon  
  30  3:03  Probe  
  31  3:10  Stalker x2  
  34  3:15  Probe  
  34  3:19  Pylon  
  35  3:27  Probe  
  36  3:39  Probe (Chrono Boost)  
  35  3:43  Probe (Chrono Boost)  
  35  3:51  Probe (Chrono Boost), Robotics Facility  
  35  3:53  Probe (Chrono Boost)  
  37  3:56  Probe (Chrono Boost)  
  37  3:58  Probe (Chrono Boost)  
  39  4:05  Probe  
  40  4:10  Probe  
  41  4:17  Probe  
  41  4:22  Probe  
  38  4:28  Stalker x2  
  43  4:32  Probe (Chrono Boost), Pylon  
  43  4:34  Probe (Chrono Boost)  
  44  4:40  Shield Battery  
  44  4:45  Probe x2 (Chrono Boost)  
  46  4:48  Immortal  
  46  4:52  Stalker  
  54  4:53  Probe (Chrono Boost)  
  54  4:54  Probe (Chrono Boost), Stalker  
  54  4:58  Pylon  
  54  4:59  Probe (Chrono Boost)  
  56  5:01  Probe (Chrono Boost)  
  56  5:02  Shield Battery  
  58  5:08  Probe  
  58  5:12  Probe  
  60  5:20  Probe  
  61  5:23  Stalker x2  
  61  5:24  Probe  
  66  5:32  Probe  
  67  5:42  Probe  
  68  5:44  Probe  
  69  5:50  Pylon  
  69  5:54  Pylon  
  68  6:00  Immortal  
  68  6:02  Stalker  
  68  6:05  Probe (Chrono Boost)  
  68  6:10  Probe (Chrono Boost)  
  69  6:14  Probe (Chrono Boost)  
  69  6:18  Probe (Chrono Boost), Stalker  
  73  6:20  Assimilator  
  73  6:23  Gateway, Assimilator  
  73  6:25  Gateway  
  73  6:26  Probe  
  73  6:27  Nexus  
  73  6:30  Probe, Forge  
  75  6:34  Stalker  
  75  6:39  Probe  
  78  6:42  Observer  
  78  6:43  Twilight Council  
  79  6:53  Pylon  
  79  6:56  Probe  
  79  6:57  Probe  
  81  7:09  Probe x2  
  81  7:15  Protoss Ground Weapons Level 1 (Chrono Boost)  
  83  7:19  Charge  
  83  7:21  Probe x2, Zealot x4  
  93  7:26  Templar Archives  
  93  7:27  Pylon  
  93  7:30  Pylon  
  93  7:33  Probe  
  93  7:35  Pylon  
  94  7:38  Probe  
  94  7:42  Probe  
  94  7:43  Pylon  
  96  7:45  Probe  
  96  7:50  Probe  
  98  7:54  Probe  
  98  7:57  Probe (Chrono Boost)  
  98  7:58  Shield Battery  
  98  8:02  Probe (Chrono Boost)  
  99  8:07  Probe (Chrono Boost)  
  99  8:08  Assimilator x2  
  99  8:09  Probe (Chrono Boost)  
  99  8:12  High Templar x3  
  106  8:13  High Templar  
  106  8:14  Probe (Chrono Boost)  
  106  8:15  Immortal  
  106  8:16  Probe (Chrono Boost)  
  106  8:17  Probe (Chrono Boost)  
  106  8:18  Archon x2  
  106  8:19  Probe (Chrono Boost)  
  116  8:25  Nexus  
  117  8:27  Pylon  
  117  8:41  Gateway  
  117  8:44  Gateway  
  117  8:47  Gateway  
  117  8:50  High Templar x4  
  117  8:54  Gateway  
  125  9:03  Shield Battery  
  125  9:13  Archon  
  125  9:14  Archon  
  125  9:16  Protoss Ground Weapons Level 2 (Chrono Boost)  
  125  9:18  Immortal, Photon Cannon  
  125  9:24  Photon Cannon x2  
  129  9:27  Probe x3  
  129  9:28  Zealot x2  
  129  9:29  Zealot x2  
  140  9:36  Pylon  
  140  9:39  Probe x3, Pylon  
  143  9:47  Probe  
  143  9:49  High Templar x2  
  143  9:50  High Templar  
  143  9:51  Probe x3, High Templar  
  143  9:52  Zealot x3  
  161  9:54  Zealot  
  161  9:55  Archon  
  161  9:56  Archon  
  163  10:04  Pylon  
  163  10:05  Observer  
  163  10:06  Pylon  
  163  10:07  Robotics Facility  
  164  10:10  Pylon  
  164  10:14  Pylon  
  164  10:15  Assimilator  
  164  10:18  Assimilator  
  164  10:20  Blink  
  164  10:30  Stargate  
  164  10:32  Stargate  
  164  10:34  Zealot  
  164  10:35  Zealot x3  
  170  10:36  Zealot x2  
  170  10:37  Zealot  
  170  10:38  Zealot  
  180  10:47  Protoss Air Weapons Level 1  
  180  10:48  Immortal  
  184  11:00  Zealot x4  
  184  11:01  Zealot x4  
  185  11:23  Zealot  
  185  11:24  Zealot x5  
  185  11:25  Zealot x2  
  168  11:26  Immortal  
  148  11:34  Probe x2  
  148  11:35  Probe x2  
  142  11:46  Probe  
  142  11:47  Probe x3  
  132  11:55  High Templar x4  
  132  11:56  High Templar x2  
  132  11:57  High Templar  
  132  11:58  Probe  
  132  11:59  High Templar  
  132  12:00  Nexus  
  147  12:02  Archon x3  
  147  12:03  Archon  
  147  12:04  Pylon  
  147  12:06  Assimilator  
  147  12:09  Protoss Ground Weapons Level 3 (Chrono Boost)  
  147  12:11  Photon Cannon  
  147  12:15  Probe x4  
  151  12:19  Immortal  
  155  12:27  Probe  
  155  12:28  Probe x2  
  158  12:30  Zealot x2  
  162  12:42  High Templar x4  
  162  12:43  Zealot  
  162  12:44  Zealot  
  174  12:48  Unknown  
  174  12:50  Shield Battery  
  174  12:51  Photon Cannon  
  174  12:57  Zealot x2  
  174  12:58  Immortal x2 (Chrono Boost)  
  178  13:04  Archon  
  178  13:05  Archon  
  184  13:29  High Templar x4  
  184  13:30  Immortal x2  
  184  13:33  Archon x2  
  198  13:55  Pylon  
  198  14:00  Fleet Beacon  
  198  14:01  Stargate  
  198  14:05  Gateway  
  198  14:07  Gateway  
  198  14:08  Gateway  
  198  14:11  Gateway  
  198  14:12  Gateway  
  198  14:15  Gateway  
  198  14:17  Gateway  
  198  14:19  Gateway  
  198  14:21  Gateway  
  196  14:28  Immortal  
  186  14:38  Immortal  
  186  14:41  Protoss Ground Armor Level 1 (Chrono Boost)  
  150  14:57  Zealot  
  150  14:58  Zealot x6  
  150  14:59  Zealot x2  
  144  15:03  Tempest x2 (Chrono Boost)  
  144  15:04  Nexus  
  144  15:06  Pylon  
  128  15:09  Pylon  
  128  15:13  High Templar  
  128  15:14  High Templar x5  
  134  15:15  High Templar  
  134  15:16  High Templar  
  134  15:19  Archon x2  
  134  15:20  Archon, Immortal (Chrono Boost)  
  134  15:21  Archon, Immortal (Chrono Boost)  
  144  15:26  Protoss Air Weapons Level 2 (Chrono Boost)  
  144  15:27  Tempest (Chrono Boost)  
  149  15:36  Zealot x3  
  149  15:37  Zealot x4  
  149  15:38  Zealot  
  149  15:39  Zealot  
  166  16:05  Zealot  
  166  16:06  Zealot x5  
  166  16:07  Zealot x4  
  166  16:08  Zealot x2  
  166  16:09  Zealot x3  
  166  16:10  Zealot x2  
  178  16:19  Tempest x2, Immortal x2  
  178  16:25  Probe x3  
  183  16:42  Photon Cannon  
  183  16:43  Photon Cannon  
  183  16:46  Shield Battery  
  183  16:47  Pylon, Assimilator  
  183  16:51  Assimilator  
  179  17:08  Protoss Shields Level 1 (Chrono Boost)  
  179  17:10  Zealot  
  179  17:11  Zealot x4  
  179  17:12  Zealot x5  
  179  17:13  Zealot x2  
  179  17:14  Nexus  
  199  17:15  Pylon  
  199  17:19  Pylon  
  199  18:20  Photon Cannon  
  199  18:22  Photon Cannon  
  199  18:25  Photon Cannon  
  187  18:28  Photon Cannon  
  187  18:31  Shield Battery  
  187  18:32  High Templar x2  
  187  18:33  High Templar x5  
  187  18:34  High Templar x5, Shield Battery  
  189  18:36  Immortal  
  189  18:37  Assimilator  
  189  18:38  Immortal  
  189  18:40  Zealot x3  
  189  18:41  Assimilator, Zealot x2  
  193  18:42  Archon x2  
  193  18:43  Archon x3  
  193  18:44  Archon  
  183  19:01  Zealot x2  
  183  19:02  Zealot x3  
  183  19:05  Zealot x3  
  183  19:07  Probe  
Tags
 
Add a new tag
Caveats
  • Supply blocks, unpowered buildings, or Contaminate may cause inaccurate times.
  • Supply counts are checked every 10 seconds.